Sewer Rats vs Atomiques

Created - 21 décembre 2016 at 22:21

Goals
1 2 3 T
Sewer Rats 0 1 3 4
Atomiques 1 0 1 2
Shots
1 2 3 T
Sewer Rats 8 15 9 32
Atomiques 13 3 10 26

1st period

1. Atomiques , Shawn Belle 1 (Davis Drewiske, Anthony Nigro) at 12:01

Penalties :
Mark Mancari (Tol) for Hooking (Minor) at 12:04, Davis Drewiske (STB) for Hooking (Minor) at 16:12, Mike Halmo (STB) for Tripping (Minor) at 19:56

2nd period

2. Sewer Rats , Zach Boychuk 7 (Vojtech Polak, Vincent Trocheck) at 14:42

Penalties :
Kyle Turris (Tol) for Unsportsmanlike conduct (Minor) at 0:09, Mike Halmo (STB) for Hooking (Minor) at 17:14

3rd period

3. Sewer Rats , Kyle Turris 7 (Ville Leino, Matt Lashoff) at 0:54
4. Atomiques , Marc-André Cliche 13 (Branko Radivojevic, Mac Bennett) at 8:21
5. Sewer Rats , Ville Leino 14 (Patrick Bordeleau, Richard Jackman) at 10:39
6. Sewer Rats , Jonathan Marchessault 6 (Daniel Carr, Richard Jackman) at 14:01

Penalties :
Jonathan Racine (Tol) for Tripping (Minor) at 19:57

Goalie Stats

Richard Bachman (Tol), 24 saves from 26 shots - (0,923), W, 10-4-1, 60:00 minutes
Sergei Bobrovsky (STB), 28 saves from 32 shots - (0,875), L, 12-7-1, 60:00 minutes

Players Stats for Sewer Rats

Player Name              G  A  P  +/- PIM S  H  SB GA TA FO     MP     PP MP  PK MP  
------------------------------------------------------------------------------------
Daniel Carr              0  1  1   1  0   0  0  0  1  1  0/0     9:53   0:00   0:54 
Derek Dorsett            0  0  0  -2  0   3  0  0  0  1  0/0    12:14   0:00   0:00 
Jared Boll               0  0  0   2  0   1  2  0  1  0  1/1    18:18   1:59   0:00 
Jarred Tinordi           0  0  0   1  0   0  0  0  0  0  0/0    10:35   0:00   0:00 
Joel Edmundson           0  0  0   0  0   0  0  1  0  0  0/0     4:27   0:00   0:00 
Jonathan Marchessault    1  0  1   2  0   3  3  0  0  1  6/15   17:59   1:59   0:00 
Jonathan Racine          0  0  0   0  2   0  0  0  0  0  0/0     4:26   0:00   0:00 
Kyle Quincey             0  0  0  -1  0   1  1  1  1  0  0/0    19:57   1:42   0:55 
Kyle Turris              1  0  1   1  2   2  2  0  0  1  11/24  18:40   2:11   0:26 
Mark Mancari             0  0  0   1  2   2  0  1  0  2  2/2    19:52   2:12   0:11 
Matt Lashoff             0  1  1   2  0   1  2  1  0  0  0/0    25:01   2:29   1:19 
Mattias Ekholm           0  0  0  -1  0   0  0  5  0  1  0/0    19:57   1:42   0:55 
Nick Cousins             0  0  0   0  0   0  0  0  0  0  1/1     1:47   0:00   0:02 
Patrick Bordeleau        0  1  1   1  0   1  0  0  0  1  0/0     6:11   0:00   0:00 
Richard Jackman          0  2  2   2  0   3  4  1  2  2  0/0    25:01   2:29   1:19 
Steven Kampfer           0  0  0   1  0   0  0  1  0  1  0/0    10:35   0:00   0:00 
Ville Leino              1  1  2   2  0   4  4  0  1  1  4/7    24:54   2:12   1:13 
Vincent Trocheck         0  1  1  -2  0   2  1  0  0  0  3/6    12:29   0:00   0:03 
Vojtech Polak            0  1  1  -2  0   2  1  0  1  0  1/2    14:45   0:00   1:09 
William Karlsson         0  0  0   1  0   1  0  0  0  0  0/2     6:11   0:00   0:00 
Zach Boychuk             1  0  1   1  0   6  2  0  1  0  0/1    12:45   1:59   0:30 

Players Stats for Atomiques

Player Name              G  A  P  +/- PIM S  H  SB GA TA FO     MP     PP MP  PK MP  
------------------------------------------------------------------------------------
Alex Berry               0  0  0  -2  0   0  1  1  0  0  0/0    11:43   0:00   0:00 
Andrew Kozek             0  0  0   1  0   4  3  0  0  0  0/0    16:44   0:56   0:46 
Anthony Nigro            0  1  1   0  0   1  0  0  1  0  1/1     7:53   0:00   0:00 
Bobby Farnham            0  0  0   0  0   1  1  0  0  0  0/0     7:53   0:00   0:00 
Branko Radivojevic       0  1  1  -1  0   0  4  0  1  1  7/10   21:37   1:05   2:29 
Brett Sutter             0  0  0  -2  0   1  1  2  0  0  3/6    11:38   0:00   0:03 
Colby Cohen              0  0  0  -2  0   0  0  0  0  2  0/0    11:35   0:00   1:25 
Darren Kramer            0  0  0   0  0   0  0  0  0  0  0/0     1:03   0:00   0:46 
Davis Drewiske           0  1  1  -1  2   4  1  3  0  0  0/0    24:11   1:43   1:24 
Dmitri Orlov             0  0  0  -2  0   0  0  0  0  0  0/0    10:08   0:00   0:00 
Eric Mestery             0  0  0   1  0   0  0  0  0  0  0/0     5:01   0:00   0:00 
Freddie Hamilton         0  0  0   0  0   0  0  0  0  0  0/0     0:38   0:13   0:00 
Fredrik Claesson         0  0  0   0  0   0  0  0  0  0  0/0     0:00   0:00   0:00 
John McCarthy            0  0  0  -2  0   1  1  0  1  0  0/1    11:34   0:00   0:00 
Joseph Cramarossa        0  0  0   0  0   0  0  0  0  0  0/0     0:00   0:00   0:00 
Kenndal McArdle          0  0  0  -1  0   5  2  0  1  0  0/0    19:28   1:05   0:53 
Kyle Wharton             0  0  0   0  0   1  1  1  0  0  0/0    19:14   0:31   1:22 
Mac Bennett              0  1  1   1  0   0  0  0  0  0  0/0     5:01   0:00   0:00 
Marc-André Cliche        1  0  1   1  0   1  0  0  0  0  8/10   15:58   0:56   0:00 
Mike Halmo               0  0  0   0  4   0  2  0  0  0  1/1     8:06   0:13   0:00 
Mitch Callahan           0  0  0   0  0   0  0  0  0  0  0/0     0:35   0:13   0:00 
Roman Polak              0  0  0   0  0   1  1  0  4  0  0/0    19:14   0:31   1:22 
Ryan Shannon             0  0  0   1  0   2  3  0  1  0  0/1    17:28   0:56   0:53 
Shawn Belle              1  0  1  -1  0   1  1  4  2  4  0/0    25:37   1:43   2:49 
Tyler Brenner            0  0  0  -1  0   3  4  0  1  1  12/31  21:41   1:05   2:32 

3 Stars

1 - Ville Leino (Tol)
2 - Richard Jackman (Tol)
3 - Jonathan Marchessault (Tol)

Power Play

Sewer Rats - 0 on 3 Attempt(s) - 0,00%
Atomiques - 0 on 3 Attempt(s) - 0,00%

Penalty Kill

Sewer Rats - 3 on 3 Attempt(s) - 100,00% - Score 0 goal in Penalty Kill
Atomiques - 3 on 3 Attempt(s) - 100,00% - Score 0 goal in Penalty Kill

Team Stat

Sewer Rats - Hits : 22 - Faceoff Wins : 29 - Blocked Shots : 11 - Penalty Minutes : 6
Atomiques - Hits : 26 - Faceoff Wins : 32 - Blocked Shots : 11 - Penalty Minutes : 6

Official

Referees : Leggo Mike and VanMassenhoven Don
Linesman : Scott Cherrey and Bryan Pancich

Game Notes

Zach Boychuk is injured at 0:38 of 3rd period (Bruised Right Shoulder)

Finance

Level 1 -- Attendance: 1393 (69,65%) -- Ticket Income 48 755 $
Level 2 -- Attendance: 690 (69,00%) -- Ticket Income 10 350 $
Total Attendance: 2083 (69,43%)
Total Ticket Income: 59 105 $
Other Income: 2 955 $
Total Income: 62 060 $

Sewer Rats

5 vs 5 Forward 
   Center                   Left Wing                Right Wing               Time % Phy DF OF 
 1 Kyle Turris              Ville Leino              Mark Mancari             40     1   2  2  
 2 Jonathan Marchessault    Zach Boychuk             Jared Boll               30     1   2  2  
 3 Vincent Trocheck         Vojtech Polak            Derek Dorsett            20     1   2  2  
 4 William Karlsson         Patrick Bordeleau        Ville Leino              10     1   2  2  

5 vs 5 Defense 
   Defense                  Defense                                           Time % Phy DF OF 
 1 Richard Jackman          Matt Lashoff                                      40     1   2  2  
 2 Kyle Quincey             Mattias Ekholm                                    30     1   2  2  
 3 Steven Kampfer           Jarred Tinordi                                    20     1   2  2  
 4 Joel Edmundson           Jonathan Racine                                   10     1   2  2  

PowerPlay Forward 
   Center                   Left Wing                Right Wing               Time % Phy DF OF 
 1 Kyle Turris              Ville Leino              Mark Mancari             60     1   2  2  
 2 Jonathan Marchessault    Zach Boychuk             Jared Boll               40     1   2  2  

PowerPlay Defense
   Defense                  Defense                                           Time % Phy DF OF 
 1 Richard Jackman          Matt Lashoff                                      60     1   2  2  
 2 Kyle Quincey             Mattias Ekholm                                    40     1   2  2  

Penalty Kill 4 Players Forward 
   Center                   Wing                     Time % Phy DF OF 
 1 Ville Leino              Mark Mancari             60     1   2  2  
 2 Zach Boychuk             Kyle Turris              40     1   2  2  

Penalty Kill 4 Players Defense
   Defense                  Defense                  Time % Phy DF OF 
 1 Richard Jackman          Matt Lashoff             60     1   2  2  
 2 Kyle Quincey             Mattias Ekholm           40     1   2  2  

Penalty Kill - 3 Players Forward 
   Forward                                           Time % Phy DF OF 
 1 Ville Leino                                       60     1   2  2  
 2 Mark Mancari                                      40     1   2  2  

Penalty Kill - 3 Players Defense
   Defense                  Defense                  Time % Phy DF OF 
 1 Richard Jackman          Matt Lashoff             60     1   2  2  
 2 Kyle Quincey             Mattias Ekholm           40     1   2  2  

4 vs 4 Forward 
   Center                   Wing                     Time % Phy DF OF 
 1 Ville Leino              Mark Mancari             60     1   2  2  
 2 Zach Boychuk             Kyle Turris              40     1   2  2  

4 vs 4 Defense
   Defense                  Defense                  Time % Phy DF OF 
 1 Richard Jackman          Matt Lashoff             60     1   2  2  
 2 Kyle Quincey             Mattias Ekholm           40     1   2  2  

Last Minutes Offensive
   Center                   Left Wing                Right Wing               Defense                  Defense                  
   Kyle Turris              Ville Leino              Mark Mancari             Richard Jackman          Matt Lashoff             

Last Minutes Defensive
   Center                   Left Wing                Right Wing               Defense                  Defense                  
   Kyle Turris              Ville Leino              Mark Mancari             Richard Jackman          Matt Lashoff             

Goaltenders
Starting : Richard Bachman          
Backup : Brad Thiessen            

Extra Forwards
Normal : Daniel Carr, Nick Cousins, Vojtech Polak - PP : Daniel Carr, Nick Cousins - PK : Vojtech Polak
Extra Defensemen
Normal : Steven Kampfer, Jarred Tinordi, Joel Edmundson - PP : Steven Kampfer - PK : Jarred Tinordi, Joel Edmundson
Penalty Shots
Ville Leino, Mark Mancari, Zach Boychuk, Kyle Turris, Jared Boll

Atomiques

5 vs 5 Forward 
   Center                   Left Wing                Right Wing               Time % Phy DF OF 
 1 Tyler Brenner            Kenndal McArdle          Branko Radivojevic       40     1   2  2  
 2 Marc-André Cliche        Andrew Kozek             Ryan Shannon             30     1   2  2  
 3 Brett Sutter             John McCarthy            Alex Berry               20     1   2  2  
 4 Anthony Nigro            Mike Halmo               Bobby Farnham            10     1   2  2  

5 vs 5 Defense 
   Defense                  Defense                                           Time % Phy DF OF 
 1 Shawn Belle              Davis Drewiske                                    40     1   2  2  
 2 Kyle Wharton             Roman Polak                                       30     1   2  2  
 3 Colby Cohen              Dmitri Orlov                                      20     1   2  2  
 4 Eric Mestery             Mac Bennett                                       10     1   2  2  

PowerPlay Forward 
   Center                   Left Wing                Right Wing               Time % Phy DF OF 
 1 Tyler Brenner            Kenndal McArdle          Branko Radivojevic       60     1   2  2  
 2 Marc-André Cliche        Andrew Kozek             Ryan Shannon             40     1   2  2  

PowerPlay Defense
   Defense                  Defense                                           Time % Phy DF OF 
 1 Shawn Belle              Davis Drewiske                                    60     1   2  2  
 2 Kyle Wharton             Roman Polak                                       40     1   2  2  

Penalty Kill 4 Players Forward 
   Center                   Wing                     Time % Phy DF OF 
 1 Branko Radivojevic       Tyler Brenner            60     1   2  2  
 2 Ryan Shannon             Kenndal McArdle          40     1   2  2  

Penalty Kill 4 Players Defense
   Defense                  Defense                  Time % Phy DF OF 
 1 Shawn Belle              Davis Drewiske           60     1   2  2  
 2 Kyle Wharton             Roman Polak              40     1   2  2  

Penalty Kill - 3 Players Forward 
   Forward                                           Time % Phy DF OF 
 1 Branko Radivojevic                                60     1   2  2  
 2 Tyler Brenner                                     40     1   2  2  

Penalty Kill - 3 Players Defense
   Defense                  Defense                  Time % Phy DF OF 
 1 Shawn Belle              Davis Drewiske           60     1   2  2  
 2 Kyle Wharton             Roman Polak              40     1   2  2  

4 vs 4 Forward 
   Center                   Wing                     Time % Phy DF OF 
 1 Branko Radivojevic       Tyler Brenner            60     1   2  2  
 2 Ryan Shannon             Kenndal McArdle          40     1   2  2  

4 vs 4 Defense
   Defense                  Defense                  Time % Phy DF OF 
 1 Shawn Belle              Davis Drewiske           60     1   2  2  
 2 Kyle Wharton             Roman Polak              40     1   2  2  

Last Minutes Offensive
   Center                   Left Wing                Right Wing               Defense                  Defense                  
   Tyler Brenner            Kenndal McArdle          Branko Radivojevic       Shawn Belle              Davis Drewiske           

Last Minutes Defensive
   Center                   Left Wing                Right Wing               Defense                  Defense                  
   Tyler Brenner            Kenndal McArdle          Branko Radivojevic       Shawn Belle              Davis Drewiske           

Goaltenders
Starting : Sergei Bobrovsky         
Backup : Jeremy Smith             

Extra Forwards
Normal : Mitch Callahan, Freddie Hamilton, Darren Kramer - PP : Mitch Callahan, Freddie Hamilton - PK : Darren Kramer
Extra Defensemen
Normal : Fredrik Claesson, Colby Cohen, Dmitri Orlov - PP : Fredrik Claesson - PK : Colby Cohen, Dmitri Orlov
Penalty Shots
Branko Radivojevic, Tyler Brenner, Ryan Shannon, Kenndal McArdle, Marc-André Cliche

% Time on Ice - Sewer Rats

Lines # - Real PCT - Wanted PCT - Time Play
Normal Forward
1 - 32% - 40% - 16:33
2 - 33% - 30% - 16:51
3 - 24% - 20% - 12:14
4 - 12% - 10% - 6:11
Normal Defense
1 - 39% - 40% - 20:20
2 - 32% - 30% - 16:27
3 - 20% - 20% - 10:35
4 - 9% - 10% - 4:27
PP Forward
1 - 53% - 60% - 2:12
2 - 47% - 40% - 1:59
PP Defense
1 - 59% - 60% - 2:29
2 - 41% - 40% - 1:42
PK Forward
1 - 78% - 60% - 1:44
2 - 22% - 40% - 0:30
PK Defense
1 - 59% - 60% - 1:19
2 - 41% - 40% - 0:55
PK3 Forward
1 - 0% - 60%
2 - 0% - 40%
PK3 Defense
1 - 0% - 60%
2 - 0% - 40%
44 Forward
1 - 71% - 60% - 1:15
2 - 29% - 40% - 0:31
44 Defense
1 - 50% - 60% - 0:53
2 - 50% - 40% - 0:53
Last Minute Offensive  - 0:00
Last Minute Defensive  - 0:00
Total
Forward - 60:00
Defense - 60:00

% Time on Ice - Atomiques

Lines # - Real PCT - Wanted PCT - Time Play
Normal Forward
1 - 33% - 40% - 17:18
2 - 29% - 30% - 15:04
3 - 22% - 20% - 11:34
4 - 15% - 10% - 7:53
Normal Defense
1 - 39% - 40% - 20:02
2 - 32% - 30% - 16:38
3 - 20% - 20% - 10:08
4 - 10% - 10% - 5:01
PP Forward
1 - 58% - 60% - 1:18
2 - 42% - 40% - 0:56
PP Defense
1 - 77% - 60% - 1:43
2 - 23% - 40% - 0:31
PK Forward
1 - 79% - 60% - 3:18
2 - 21% - 40% - 0:53
PK Defense
1 - 67% - 60% - 2:49
2 - 33% - 40% - 1:22
PK3 Forward
1 - 0% - 60%
2 - 0% - 40%
PK3 Defense
1 - 0% - 60%
2 - 0% - 40%
44 Forward
1 - 67% - 60% - 1:11
2 - 33% - 40% - 0:35
44 Defense
1 - 59% - 60% - 1:03
2 - 41% - 40% - 0:43
Last Minute Offensive  - 0:00
Last Minute Defensive  - 0:00
Total
Forward - 60:00
Defense - 60:00

Play by Play

1st period


0:01 of 1st period - Tyler Brenner wins face-off versus Kyle Turris in neutral zone.
0:14 of 1st period - Snap shot by Kenndal McArdle.
0:14 of 1st period - Stopped by Richard Bachman with a rebound.
0:16 of 1st period - Slapshot by Shawn Belle.
0:16 of 1st period - Shot Misses the Net.
1:39 of 1st period - Steven Kampfer is hit by Branko Radivojevic and loses puck.
1:54 of 1st period - Slapshot by Ryan Shannon.
1:54 of 1st period - Deflect By Steven Kampfer.
1:54 of 1st period - Stopped by Richard Bachman without a rebound.
1:55 of 1st period - Brett Sutter wins face-off versus Vincent Trocheck in Sewer Rats zone.
2:02 of 1st period - Snap shot by Brett Sutter.
2:02 of 1st period - Shot Blocked by Mattias Ekholm.
2:04 of 1st period - Slapshot by Brett Sutter.
2:04 of 1st period - Shot Misses the Net.
2:06 of 1st period - Wrist shot by Brett Sutter.
2:06 of 1st period - Shot Blocked by Mattias Ekholm.
2:08 of 1st period - Slapshot by Eric Mestery.
2:08 of 1st period - Deflect By John McCarthy.
2:08 of 1st period - Shot Blocked by Mattias Ekholm.
2:08 of 1st period - Puck is out of play.
2:09 of 1st period - Tyler Brenner wins face-off versus Jonathan Marchessault in Sewer Rats zone.
3:15 of 1st period - Slapshot by Kyle Quincey.
3:15 of 1st period - Deflect By Jared Boll.
3:15 of 1st period - Shot Blocked by Kyle Wharton.
3:15 of 1st period - Puck is out of play.
3:16 of 1st period - Anthony Nigro wins face-off versus Jonathan Marchessault in Atomiques zone.
3:43 of 1st period - Richard Jackman is hit by Branko Radivojevic and loses puck.
3:48 of 1st period - Wrist shot by Kenndal McArdle.
3:48 of 1st period - Stopped by Richard Bachman with a rebound.
4:08 of 1st period - Backhand shot by Andrew Kozek.
4:08 of 1st period - Shot Misses the Net.
4:10 of 1st period - Slapshot by Andrew Kozek.
4:10 of 1st period - Stopped by Richard Bachman with a rebound.
4:12 of 1st period - Slapshot by Colby Cohen.
4:12 of 1st period - Deflect By Andrew Kozek.
4:12 of 1st period - Stopped by Richard Bachman without a rebound.
4:13 of 1st period - Ville Leino wins face-off versus Tyler Brenner in Sewer Rats zone.
5:18 of 1st period - Slapshot by Mark Mancari.
5:18 of 1st period - Shot Misses the Net.
5:49 of 1st period - Off-side.
5:50 of 1st period - Marc-André Cliche wins face-off versus Jonathan Marchessault in neutral zone.
6:01 of 1st period - Shawn Belle is hit by Richard Jackman and loses puck.
6:14 of 1st period - Jonathan Marchessault is hit by Ryan Shannon and loses puck.
7:04 of 1st period - Off-side.
7:05 of 1st period - Kyle Turris wins face-off versus Tyler Brenner in neutral zone.
7:38 of 1st period - Slapshot by John McCarthy.
7:38 of 1st period - Shot Blocked by Richard Jackman.
7:40 of 1st period - Slapshot by Roman Polak.
7:40 of 1st period - Shot Misses the Net.
7:42 of 1st period - Snap shot by Brett Sutter.
7:42 of 1st period - Stopped by Richard Bachman with a rebound.
8:06 of 1st period - Slapshot by Richard Jackman.
8:06 of 1st period - Shot Misses the Net.
8:08 of 1st period - Snap shot by Derek Dorsett.
8:08 of 1st period - Shot Misses the Net.
8:10 of 1st period - Slapshot by Richard Jackman.
8:10 of 1st period - Deflect By Tyler Brenner.
8:10 of 1st period - Stopped by Sergei Bobrovsky without a rebound.
8:11 of 1st period - Kyle Turris wins face-off versus Tyler Brenner in Atomiques zone.
8:14 of 1st period - Slapshot by Ville Leino.
8:14 of 1st period - Stopped by Sergei Bobrovsky with a rebound.
8:38 of 1st period - John McCarthy is hit by Ville Leino and loses puck.
9:58 of 1st period - Wrist shot by Branko Radivojevic.
9:58 of 1st period - Shot Blocked by Joel Edmundson.
10:16 of 1st period - Wrist shot by Zach Boychuk.
10:16 of 1st period - Shot Blocked by Davis Drewiske.
10:18 of 1st period - Snap shot by Jared Boll.
10:18 of 1st period - Shot Blocked by Shawn Belle.
10:20 of 1st period - Slapshot by Jonathan Marchessault.
10:20 of 1st period - Shot Blocked by Shawn Belle.
10:57 of 1st period - Slapshot by Ville Leino.
10:57 of 1st period - Shot Misses the Net.
10:59 of 1st period - Snap shot by Ville Leino.
10:59 of 1st period - Deflect By Mark Mancari.
10:59 of 1st period - Stopped by Sergei Bobrovsky with a rebound.
11:01 of 1st period - Snap shot by Richard Jackman.
11:01 of 1st period - Shot Blocked by Brett Sutter.
11:03 of 1st period - Slapshot by Richard Jackman.
11:03 of 1st period - Stopped by Sergei Bobrovsky without a rebound.
11:04 of 1st period - Jonathan Marchessault wins face-off versus Tyler Brenner in Atomiques zone.
11:05 of 1st period - Slapshot by Zach Boychuk.
11:05 of 1st period - Stopped by Sergei Bobrovsky without a rebound.
11:06 of 1st period - Tyler Brenner wins face-off versus Jonathan Marchessault in Atomiques zone.
11:15 of 1st period - Tyler Brenner is hit by Jared Boll and loses puck.
11:55 of 1st period - Wrist shot by Anthony Nigro.
11:55 of 1st period - Stopped by Richard Bachman with a rebound.
11:57 of 1st period - Slapshot by Davis Drewiske.
11:57 of 1st period - Stopped by Richard Bachman with a rebound.
11:59 of 1st period - Slapshot by Davis Drewiske.
11:59 of 1st period - Shot Misses the Net.
12:01 of 1st period - Slapshot by Shawn Belle.
12:01 of 1st period - Goal by Shawn Belle - Sewer Rats : 0 - Atomiques : 1.
12:02 of 1st period - Mark Mancari wins face-off versus Tyler Brenner in neutral zone.
12:04 of 1st period - Minor Penalty to Mark Mancari for Hooking.
12:05 of 1st period - Tyler Brenner wins face-off versus Ville Leino in Sewer Rats zone.
12:38 of 1st period - Off-side.
12:39 of 1st period - Branko Radivojevic wins face-off versus Ville Leino in neutral zone.
14:04 of 1st period - Penalty to Mark Mancari is over, Mark Mancari is back on ice.
14:04 of 1st period - Ryan Shannon is hit by Richard Jackman and loses puck.
14:41 of 1st period - Mark Mancari is hit by Mike Halmo and loses puck.
15:02 of 1st period - Alex Berry is hit by Zach Boychuk and loses puck.
15:55 of 1st period - Wrist shot by Kyle Turris.
15:55 of 1st period - Stopped by Sergei Bobrovsky without a rebound.
15:56 of 1st period - Jonathan Marchessault wins face-off versus John McCarthy in Atomiques zone.
16:07 of 1st period - Snap shot by Jonathan Marchessault.
16:07 of 1st period - Deflect By Zach Boychuk.
16:07 of 1st period - Stopped by Sergei Bobrovsky with a rebound.
16:09 of 1st period - Slapshot by Kyle Quincey.
16:09 of 1st period - Stopped by Sergei Bobrovsky without a rebound.
16:10 of 1st period - Tyler Brenner wins face-off versus Kyle Turris in Atomiques zone.
16:12 of 1st period - Minor Penalty to Davis Drewiske for Hooking.
16:13 of 1st period - Branko Radivojevic wins face-off versus Kyle Turris in Atomiques zone.
16:21 of 1st period - Icing by Ville Leino.
16:22 of 1st period - Branko Radivojevic wins face-off versus Kyle Turris in Sewer Rats zone.
17:18 of 1st period - Slapshot by Kyle Turris.
17:18 of 1st period - Shot Misses the Net.
17:20 of 1st period - Wrist shot by Ville Leino.
17:20 of 1st period - Deflect By Mark Mancari.
17:20 of 1st period - Shot Misses the Net.
17:20 of 1st period - Puck is out of play.
17:21 of 1st period - Jonathan Marchessault wins face-off versus Ryan Shannon in Atomiques zone.
17:58 of 1st period - Colby Cohen is hit by Jonathan Marchessault and loses puck.
18:12 of 1st period - Penalty to Davis Drewiske is over, Davis Drewiske is back on ice.
18:13 of 1st period - Snap shot by Kenndal McArdle.
18:13 of 1st period - Stopped by Richard Bachman without a rebound.
18:14 of 1st period - Marc-André Cliche wins face-off versus Kyle Turris in Sewer Rats zone.
18:23 of 1st period - Wrist shot by Andrew Kozek.
18:23 of 1st period - Stopped by Richard Bachman with a rebound.
19:01 of 1st period - Wrist shot by John McCarthy.
19:01 of 1st period - Stopped by Richard Bachman with a rebound.
19:03 of 1st period - Slapshot by Kyle Wharton.
19:03 of 1st period - Stopped by Richard Bachman without a rebound.
19:04 of 1st period - Vincent Trocheck wins face-off versus Tyler Brenner in Sewer Rats zone.
19:29 of 1st period - Andrew Kozek is hit by Zach Boychuk and loses puck.
19:48 of 1st period - Ville Leino is hit by Mike Halmo and loses puck.
19:56 of 1st period - Minor Penalty to Mike Halmo for Tripping.
19:57 of 1st period - Branko Radivojevic wins face-off versus Kyle Turris in Atomiques zone.
19:57 of 1st period - Branko Radivojevic is hit by Kyle Turris.
Goals for this period are 0 for Sewer Rats vs 1 for Atomiques.
Shots for this period are 8 for Sewer Rats vs 13 for Atomiques.

2nd period


0:01 of 2nd period - Branko Radivojevic wins face-off versus Kyle Turris in neutral zone.
0:09 of 2nd period - Minor Penalty to Kyle Turris for Unsportsmanlike conduct.
0:10 of 2nd period - Ville Leino wins face-off versus Branko Radivojevic in Sewer Rats zone.
0:16 of 2nd period - Snap shot by Mark Mancari.
0:16 of 2nd period - Deflect By Ville Leino.
0:16 of 2nd period - Stopped by Sergei Bobrovsky with a rebound.
0:18 of 2nd period - Slapshot by Matt Lashoff.
0:18 of 2nd period - Deflect By Branko Radivojevic.
0:18 of 2nd period - Stopped by Sergei Bobrovsky with a rebound.
0:20 of 2nd period - Snap shot by Ville Leino.
0:20 of 2nd period - Deflect By Mark Mancari.
0:20 of 2nd period - Shot Misses the Net.
0:20 of 2nd period - Puck is out of play.
0:21 of 2nd period - Ville Leino wins face-off versus Branko Radivojevic in Atomiques zone.
0:24 of 2nd period - Slapshot by Mark Mancari.
0:24 of 2nd period - Shot Blocked by Davis Drewiske.
0:58 of 2nd period - Snap shot by Ryan Shannon.
0:58 of 2nd period - Shot Blocked by Mattias Ekholm.
1:00 of 2nd period - Slapshot by Davis Drewiske.
1:00 of 2nd period - Stopped by Richard Bachman with a rebound.
1:02 of 2nd period - Snap shot by Kenndal McArdle.
1:02 of 2nd period - Stopped by Richard Bachman with a rebound.
1:26 of 2nd period - Roman Polak is hit by Ville Leino and loses puck.
1:56 of 2nd period - Penalty to Mike Halmo is over, Mike Halmo is back on ice.
2:09 of 2nd period - Penalty to Kyle Turris is over, Kyle Turris is back on ice.
2:09 of 2nd period - Slapshot by Davis Drewiske.
2:09 of 2nd period - Stopped by Richard Bachman without a rebound.
2:10 of 2nd period - Brett Sutter wins face-off versus Vojtech Polak in Sewer Rats zone.
2:17 of 2nd period - Snap shot by John McCarthy.
2:17 of 2nd period - Shot Misses the Net.
3:30 of 2nd period - Off-side.
3:31 of 2nd period - Brett Sutter wins face-off versus William Karlsson in neutral zone.
3:40 of 2nd period - Snap shot by Alex Berry.
3:40 of 2nd period - Shot Blocked by Matt Lashoff.
3:46 of 2nd period - Shawn Belle is hit by Matt Lashoff and loses puck.
4:02 of 2nd period - Kenndal McArdle is hit by Jonathan Marchessault and loses puck.
4:22 of 2nd period - Icing by Kyle Quincey.
4:23 of 2nd period - Marc-André Cliche wins face-off versus Vincent Trocheck in Sewer Rats zone.
4:58 of 2nd period - Kyle Quincey is hit by Andrew Kozek and loses puck.
5:27 of 2nd period - Ryan Shannon is hit by Kyle Quincey and loses puck.
5:38 of 2nd period - Snap shot by Derek Dorsett.
5:38 of 2nd period - Stopped by Sergei Bobrovsky with a rebound.
5:40 of 2nd period - Snap shot by Vincent Trocheck.
5:40 of 2nd period - Stopped by Sergei Bobrovsky with a rebound.
5:42 of 2nd period - Wrist shot by Vincent Trocheck.
5:42 of 2nd period - Stopped by Sergei Bobrovsky with a rebound.
5:44 of 2nd period - Slapshot by Derek Dorsett.
5:44 of 2nd period - Stopped by Sergei Bobrovsky with a rebound.
5:46 of 2nd period - Snap shot by Vojtech Polak.
5:46 of 2nd period - Stopped by Sergei Bobrovsky with a rebound.
5:48 of 2nd period - Snap shot by Derek Dorsett.
5:48 of 2nd period - Deflect By Vojtech Polak.
5:48 of 2nd period - Shot Misses the Net.
5:48 of 2nd period - Puck is out of play.
5:49 of 2nd period - Mark Mancari wins face-off versus Tyler Brenner in Atomiques zone.
6:04 of 2nd period - Mark Mancari is hit by Tyler Brenner and loses puck.
6:19 of 2nd period - Jonathan Marchessault is hit by Alex Berry and loses puck.
6:54 of 2nd period - Kyle Turris is hit by Tyler Brenner and loses puck.
7:22 of 2nd period - William Karlsson is hit by Davis Drewiske and loses puck.
7:37 of 2nd period - Zach Boychuk is hit by Kenndal McArdle and loses puck.
7:48 of 2nd period - Mark Mancari is hit by Brett Sutter and loses puck.
9:02 of 2nd period - Kyle Turris is hit by Andrew Kozek and loses puck.
9:49 of 2nd period - Slapshot by Brett Sutter.
9:49 of 2nd period - Shot Blocked by Steven Kampfer.
10:03 of 2nd period - Wrist shot by Kenndal McArdle.
10:03 of 2nd period - Shot Misses the Net.
10:12 of 2nd period - Icing by Kenndal McArdle.
10:13 of 2nd period - Jonathan Marchessault wins face-off versus Tyler Brenner in Atomiques zone.
10:14 of 2nd period - Wrist shot by Zach Boychuk.
10:14 of 2nd period - Stopped by Sergei Bobrovsky with a rebound.
11:07 of 2nd period - Icing by Kyle Quincey.
11:08 of 2nd period - Vincent Trocheck wins face-off versus Tyler Brenner in Sewer Rats zone.
11:13 of 2nd period - Branko Radivojevic is hit by Vojtech Polak and loses puck.
11:25 of 2nd period - Icing by Tyler Brenner.
11:26 of 2nd period - Kyle Turris wins face-off versus Tyler Brenner in Atomiques zone.
11:33 of 2nd period - Kenndal McArdle is hit by Richard Jackman and loses puck.
11:39 of 2nd period - Off-side.
11:40 of 2nd period - Kyle Turris wins face-off versus Marc-André Cliche in neutral zone.
11:47 of 2nd period - Snap shot by Mark Mancari.
11:47 of 2nd period - Shot Misses the Net.
11:49 of 2nd period - Slapshot by Mark Mancari.
11:49 of 2nd period - Stopped by Sergei Bobrovsky without a rebound.
11:50 of 2nd period - Marc-André Cliche wins face-off versus Kyle Turris in Atomiques zone.
11:50 of 2nd period - Marc-André Cliche is hit by Kyle Turris.
12:06 of 2nd period - Davis Drewiske is hit by Matt Lashoff and loses puck.
12:11 of 2nd period - Wrist shot by Ville Leino.
12:11 of 2nd period - Stopped by Sergei Bobrovsky with a rebound.
12:13 of 2nd period - Snap shot by Matt Lashoff.
12:13 of 2nd period - Shot Misses the Net.
12:15 of 2nd period - Snap shot by Ville Leino.
12:15 of 2nd period - Shot Blocked by Shawn Belle.
12:27 of 2nd period - Snap shot by Ville Leino.
12:27 of 2nd period - Deflect By Kyle Turris.
12:27 of 2nd period - Shot Misses the Net.
12:27 of 2nd period - Puck is out of play.
12:28 of 2nd period - Tyler Brenner wins face-off versus Jonathan Marchessault in Atomiques zone.
12:34 of 2nd period - Icing by Mattias Ekholm.
12:35 of 2nd period - Jared Boll wins face-off versus Tyler Brenner in Sewer Rats zone.
12:42 of 2nd period - Snap shot by Zach Boychuk.
12:42 of 2nd period - Stopped by Sergei Bobrovsky with a rebound.
13:22 of 2nd period - John McCarthy is hit by Vincent Trocheck and loses puck.
13:27 of 2nd period - Snap shot by Derek Dorsett.
13:27 of 2nd period - Shot Misses the Net.
13:29 of 2nd period - Snap shot by Vojtech Polak.
13:29 of 2nd period - Stopped by Sergei Bobrovsky without a rebound.
13:30 of 2nd period - Tyler Brenner wins face-off versus Jonathan Marchessault in Atomiques zone.
14:42 of 2nd period - Wrist shot by Zach Boychuk.
14:42 of 2nd period - Goal by Zach Boychuk - Sewer Rats : 1 - Atomiques : 1.
14:43 of 2nd period - Kyle Turris wins face-off versus Branko Radivojevic in neutral zone.
14:46 of 2nd period - Shawn Belle is hit by Ville Leino and loses puck.
15:05 of 2nd period - Richard Jackman is hit by Tyler Brenner and loses puck.
15:59 of 2nd period - Wrist shot by Kyle Turris.
15:59 of 2nd period - Shot Misses the Net.
16:01 of 2nd period - Slapshot by Richard Jackman.
16:01 of 2nd period - Deflect By Tyler Brenner.
16:01 of 2nd period - Stopped by Sergei Bobrovsky without a rebound.
16:02 of 2nd period - Marc-André Cliche wins face-off versus Zach Boychuk in Atomiques zone.
16:02 of 2nd period - Marc-André Cliche is hit by Jared Boll.
16:14 of 2nd period - Wrist shot by Zach Boychuk.
16:14 of 2nd period - Stopped by Sergei Bobrovsky without a rebound.
16:15 of 2nd period - Marc-André Cliche wins face-off versus Jonathan Marchessault in Atomiques zone.
17:14 of 2nd period - Minor Penalty to Mike Halmo for Hooking.
17:15 of 2nd period - Branko Radivojevic wins face-off versus Kyle Turris in Atomiques zone.
17:55 of 2nd period - Snap shot by Ryan Shannon.
17:55 of 2nd period - Shot Misses the Net.
18:33 of 2nd period - Zach Boychuk is hit by Roman Polak and loses puck.
19:14 of 2nd period - Penalty to Mike Halmo is over, Mike Halmo is back on ice.
19:29 of 2nd period - Wrist shot by Brett Sutter.
19:29 of 2nd period - Shot Misses the Net.
Goals for this period are 1 for Sewer Rats vs 0 for Atomiques.
Shots for this period are 15 for Sewer Rats vs 3 for Atomiques.

3rd period


0:01 of 3rd period - Kyle Turris wins face-off versus Tyler Brenner in neutral zone.
0:16 of 3rd period - Matt Lashoff is hit by Tyler Brenner.
0:37 of 3rd period - Zach Boychuk is hit by Andrew Kozek and loses puck.
0:38 of 3rd period - Zach Boychuk from Sewer Rats is injured at 0:38 of 3rd period (Bruised Right Shoulder).
0:39 of 3rd period - Kyle Turris wins face-off versus Tyler Brenner in Sewer Rats zone.
0:50 of 3rd period - Slapshot by Ville Leino.
0:50 of 3rd period - Shot Misses the Net.
0:52 of 3rd period - Snap shot by Kyle Turris.
0:52 of 3rd period - Shot Blocked by Davis Drewiske.
0:54 of 3rd period - Slapshot by Kyle Turris.
0:54 of 3rd period - Goal by Kyle Turris - Sewer Rats : 2 - Atomiques : 1.
0:55 of 3rd period - Tyler Brenner wins face-off versus Kyle Turris in neutral zone.
1:27 of 3rd period - Snap shot by Shawn Belle.
1:27 of 3rd period - Shot Misses the Net.
1:49 of 3rd period - Wrist shot by Derek Dorsett.
1:49 of 3rd period - Shot Blocked by Brett Sutter.
1:51 of 3rd period - Wrist shot by Derek Dorsett.
1:51 of 3rd period - Stopped by Sergei Bobrovsky without a rebound.
1:52 of 3rd period - Tyler Brenner wins face-off versus Vincent Trocheck in Atomiques zone.
2:24 of 3rd period - Slapshot by Roman Polak.
2:24 of 3rd period - Deflect By Mark Mancari.
2:24 of 3rd period - Stopped by Richard Bachman without a rebound.
2:25 of 3rd period - Tyler Brenner wins face-off versus Kyle Turris in Sewer Rats zone.
2:28 of 3rd period - Slapshot by Kenndal McArdle.
2:28 of 3rd period - Deflect By Tyler Brenner.
2:28 of 3rd period - Stopped by Richard Bachman without a rebound.
2:29 of 3rd period - Kyle Turris wins face-off versus Tyler Brenner in Sewer Rats zone.
3:14 of 3rd period - Icing by Kyle Wharton.
3:15 of 3rd period - Vincent Trocheck wins face-off versus Brett Sutter in Atomiques zone.
3:41 of 3rd period - Icing by Richard Jackman.
3:42 of 3rd period - Kyle Turris wins face-off versus Tyler Brenner in Sewer Rats zone.
4:07 of 3rd period - Kyle Quincey is hit by Shawn Belle and loses puck.
4:48 of 3rd period - Snap shot by Patrick Bordeleau.
4:48 of 3rd period - Stopped by Sergei Bobrovsky with a rebound.
4:50 of 3rd period - Slapshot by Kyle Quincey.
4:50 of 3rd period - Shot Blocked by Shawn Belle.
5:06 of 3rd period - Slapshot by Tyler Brenner.
5:06 of 3rd period - Stopped by Richard Bachman with a rebound.
5:14 of 3rd period - Wrist shot by Tyler Brenner.
5:14 of 3rd period - Stopped by Richard Bachman with a rebound.
5:44 of 3rd period - Matt Lashoff is hit by Kyle Wharton and loses puck.
5:53 of 3rd period - Wrist shot by Brett Sutter.
5:53 of 3rd period - Shot Misses the Net.
6:25 of 3rd period - Slapshot by Bobby Farnham.
6:25 of 3rd period - Stopped by Richard Bachman with a rebound.
7:16 of 3rd period - Jonathan Marchessault is hit by Branko Radivojevic and loses puck.
7:29 of 3rd period - Wrist shot by Roman Polak.
7:29 of 3rd period - Shot Misses the Net.
7:31 of 3rd period - Slapshot by Roman Polak.
7:31 of 3rd period - Shot Misses the Net.
7:33 of 3rd period - Slapshot by Kyle Wharton.
7:33 of 3rd period - Deflect By Mike Halmo.
7:33 of 3rd period - Shot Misses the Net.
7:33 of 3rd period - Puck is out of play.
7:34 of 3rd period - Mike Halmo wins face-off versus Jonathan Marchessault in Sewer Rats zone.
7:49 of 3rd period - Wrist shot by Anthony Nigro.
7:49 of 3rd period - Shot Misses the Net.
8:19 of 3rd period - Wrist shot by Branko Radivojevic.
8:19 of 3rd period - Shot Misses the Net.
8:21 of 3rd period - Slapshot by Marc-André Cliche.
8:21 of 3rd period - Goal by Marc-André Cliche - Sewer Rats : 2 - Atomiques : 2.
8:22 of 3rd period - Branko Radivojevic wins face-off versus Kyle Turris in neutral zone.
8:37 of 3rd period - Slapshot by Tyler Brenner.
8:37 of 3rd period - Shot Misses the Net.
8:47 of 3rd period - Shawn Belle is hit by Richard Jackman and loses puck.
8:54 of 3rd period - Wrist shot by Jonathan Marchessault.
8:54 of 3rd period - Stopped by Sergei Bobrovsky without a rebound.
8:55 of 3rd period - Tyler Brenner wins face-off versus Kyle Turris in Atomiques zone.
9:08 of 3rd period - Wrist shot by Kenndal McArdle.
9:08 of 3rd period - Stopped by Richard Bachman with a rebound.
9:10 of 3rd period - Snap shot by Kenndal McArdle.
9:10 of 3rd period - Shot Blocked by Kyle Quincey.
10:12 of 3rd period - Patrick Bordeleau is hit by Kenndal McArdle and loses puck.
10:39 of 3rd period - Backhand shot by Patrick Bordeleau.
10:39 of 3rd period - Deflect By Ville Leino.
10:39 of 3rd period - Goal by Ville Leino - Sewer Rats : 3 - Atomiques : 2.
10:40 of 3rd period - Jonathan Marchessault wins face-off versus Tyler Brenner in neutral zone.
10:42 of 3rd period - Off-side.
10:43 of 3rd period - Jonathan Marchessault wins face-off versus Tyler Brenner in neutral zone.
10:59 of 3rd period - Snap shot by Branko Radivojevic.
10:59 of 3rd period - Shot Misses the Net.
11:13 of 3rd period - Wrist shot by Ryan Shannon.
11:13 of 3rd period - Shot Blocked by Mark Mancari.
11:15 of 3rd period - Snap shot by Davis Drewiske.
11:15 of 3rd period - Stopped by Richard Bachman without a rebound.
11:16 of 3rd period - Kyle Turris wins face-off versus Tyler Brenner in Sewer Rats zone.
11:47 of 3rd period - Wrist shot by Ryan Shannon.
11:47 of 3rd period - Shot Misses the Net.
12:09 of 3rd period - Slapshot by Richard Jackman.
12:09 of 3rd period - Shot Blocked by Alex Berry.
12:23 of 3rd period - Jarred Tinordi is hit by Bobby Farnham and loses puck.
12:28 of 3rd period - Slapshot by Kyle Wharton.
12:28 of 3rd period - Shot Misses the Net.
12:44 of 3rd period - Snap shot by William Karlsson.
12:44 of 3rd period - Stopped by Sergei Bobrovsky without a rebound.
12:45 of 3rd period - Tyler Brenner wins face-off versus William Karlsson in Atomiques zone.
13:18 of 3rd period - Snap shot by Jared Boll.
13:18 of 3rd period - Stopped by Sergei Bobrovsky without a rebound.
13:19 of 3rd period - Marc-André Cliche wins face-off versus Jonathan Marchessault in Atomiques zone.
13:19 of 3rd period - Marc-André Cliche is hit by Jonathan Marchessault.
13:59 of 3rd period - Snap shot by Richard Jackman.
13:59 of 3rd period - Shot Misses the Net.
14:01 of 3rd period - Snap shot by Daniel Carr.
14:01 of 3rd period - Deflect By Jonathan Marchessault.
14:01 of 3rd period - Goal by Jonathan Marchessault - Sewer Rats : 4 - Atomiques : 2.
14:02 of 3rd period - Kyle Turris wins face-off versus Tyler Brenner in neutral zone.
14:35 of 3rd period - Snap shot by John McCarthy.
14:35 of 3rd period - Shot Misses the Net.
14:41 of 3rd period - Ville Leino is hit by John McCarthy and loses puck.
14:56 of 3rd period - Wrist shot by Jonathan Marchessault.
14:56 of 3rd period - Stopped by Sergei Bobrovsky with a rebound.
15:04 of 3rd period - Wrist shot by Jared Boll.
15:04 of 3rd period - Shot Misses the Net.
16:00 of 3rd period - Wrist shot by John McCarthy.
16:00 of 3rd period - Deflect By Alex Berry.
16:00 of 3rd period - Shot Blocked by Mattias Ekholm.
16:00 of 3rd period - Puck is out of play.
16:01 of 3rd period - Nick Cousins wins face-off versus Brett Sutter in Sewer Rats zone.
16:26 of 3rd period - Daniel Carr is hit by Branko Radivojevic and loses puck.
16:47 of 3rd period - Wrist shot by Andrew Kozek.
16:47 of 3rd period - Stopped by Richard Bachman with a rebound.
17:45 of 3rd period - Steven Kampfer is hit by Ryan Shannon and loses puck.
18:27 of 3rd period - Icing by Daniel Carr.
18:28 of 3rd period - Vojtech Polak wins face-off versus Brett Sutter in Sewer Rats zone.
18:45 of 3rd period - Davis Drewiske is hit by Ville Leino and loses puck.
19:57 of 3rd period - Minor Penalty to Jonathan Racine for Tripping.
19:58 of 3rd period - Marc-André Cliche wins face-off versus Ville Leino in Sewer Rats zone.
19:58 of 3rd period - Wrist shot by Ryan Shannon.
19:58 of 3rd period - Stopped by Richard Bachman without a rebound.
19:59 of 3rd period - Ville Leino wins face-off versus Marc-André Cliche in Sewer Rats zone.
19:59 of 3rd period - Ville Leino is hit by Ryan Shannon.
Goals for this period are 3 for Sewer Rats vs 1 for Atomiques.
Shots for this period are 9 for Sewer Rats vs 10 for Atomiques.